 Dungeon Crawl Stone Soup version 0.29.1-4-g47bece8355 (webtiles) character file.

Game seed: 17446849724900538753

527 GigaChad the Covered (level 7, -4/60 HPs)
             Began as a Minotaur Fighter on Dec 3, 2022.
             Was an Initiate of Ashenzari.
             Slain by an ogre
             ... wielding a +0 giant spiked club
              (10 damage)
             ... on level 4 of the Dungeon.
             The game lasted 00:07:01 (5671 turns).

GigaChad the Covered (Minotaur Fighter)             Turns: 5671, Time: 00:07:02

Health: -4/60      AC: 10    Str: 22    XL:     7   Next: 2%
Magic:  6/6        EV:  7    Int: 11    God:    Ashenzari [......]
Gold:   204        SH:  5    Dex: 10    Spells: 6/6 levels left

rFire   . . .      SeeInvis .   x - +2 war axe (flame)
rCold   . . .      Faith    .   c - +0 buckler
rNeg    . . .      Spirit   .   j - +0 chain mail
rPois   .          Reflect  .   (helmet restricted)
rElec   .          Harm     .   (no cloak)
rCorr   .          Rampage  .   (no gloves)
Will    .....                   (no boots)
Stlth   ..........              (no amulet)
HPRegen 0.20/turn               o - +6 ring of intelligence
MPRegen 0.10/turn               (no ring)

@: no status effects
A: horns 2, retaliatory headbutt
a: Renounce Religion


You were on level 4 of the Dungeon.
You worshipped Ashenzari.
Ashenzari was noncommittal.
You visited 2 branches of the dungeon, and saw 5 of its levels.

You collected 204 gold pieces.

Inventory:

Hand Weapons
 a - a +0 war axe
 x - a +2 war axe of flaming (weapon)
Missiles
 t - a throwing net
Armour
 b - a +0 scale mail
 c - a +0 buckler (worn)
 j - a +0 chain mail (worn)
Jewellery
 o - a +6 ring of intelligence (left hand)
 u - an amulet of guardian spirit
Wands
 i - a wand of flame (16) (quivered)
Scrolls
 e - a scroll of teleportation {unknown}
 h - 2 scrolls of immolation {unknown}
 l - 2 scrolls of identify
 n - a scroll of summoning {unknown}
 q - 2 scrolls of fog
 s - 2 scrolls of enchant armour
 v - a scroll of noise {unknown}
 w - a scroll of torment {unknown}
Potions
 d - 5 potions of might
 g - 2 potions of degeneration {unknown}
 k - a potion of attraction {unknown}
 p - 2 potions of heal wounds {unknown}


   Skills:
 + Level 4.5 Fighting
 + Level 5.3 Axes
 + Level 6.8 Armour
 + Level 0.4 Dodging
 + Level 5.1 Shields


You had 6 spell levels left.
You didn't know any spells.
Your spell library was empty.

Dungeon Overview and Level Annotations

Branches:
Dungeon (4/15)             Temple (1/1) D:4

Altars:
Ashenzari
Cheibriados
Elyvilon
Fedhas
Gozag
Kikubaaqudgha
Nemelex Xobeh
Okawaru
Qazlal
Ru
Sif Muna
Trog
Vehumet
Wu Jian
Yredelemnul
The Shining One

Annotations:
D:4 3 runed translucent doors, Jingleheimer's ghost, amateur TrFi


Innate Abilities, Weirdness & Mutations

You have a pair of horns on your head.
You reflexively headbutt those who attack you in melee.


Message History

The orc wizard hits you but does no damage.
You bump into the rock wall.
You feel less confused.
An ogre comes into view. It is wielding a +0 giant spiked club.
The orc wizard hits you but does no damage.
You barely miss the orc wizard.
The orc wizard is moderately wounded.
The ogre shouts!
The orc wizard hits you but does no damage.
The orc wizard casts a spell at you. The puff of flame misses you.
You hit the orc wizard. You burn the orc wizard.
The orc wizard is heavily wounded.
The orc wizard gestures at you while chanting.
You are confused.
The orc wizard attacks as you move away!
The orc wizard hits you with a +0 dagger.
You barely miss the orc wizard. Your headbutt misses the orc wizard.
The orc wizard is heavily wounded.
The orc wizard hits you but does no damage.
You bump into the rock wall.
The orc wizard hits you but does no damage.
You bump into the rock wall.
The endoplasm quivers.
The orc wizard hits you but does no damage.
You slash the orc wizard! You burn the orc wizard.
You kill the orc wizard!
You feel less confused.
You have reached level 7!
You slash the ogre! You burn the ogre.
The ogre is heavily wounded.
The ogre hits you with a +0 giant spiked club!
You hit the ogre. You burn the ogre.
The ogre is severely wounded.
The ogre hits you with a +0 giant spiked club!!
* * * LOW HITPOINT WARNING * * *
You hit the ogre. You burn the ogre.
The ogre is almost dead.
The ogre hits you with a +0 giant spiked club!
You die... ...#.#..#....# .##oo#..####.# ~ .8#oo#..# #.# gā‰ˆ

.##oo#..####.. Ā§.o
....o#........ lJ~.
########8.##..## ..~.. #.#
#.##.....##
.~~...########.###......#<##
ā‰ˆā‰ˆ.......JJO@.......###.#..##
#############................
#............####.####....#
#..........#.# #..##......
#..........#.## ##..(.##...
#........<.#..####.....####
#..........##.#......###.#.
#...............##..####~~~
#.....>.....#.........#_...


You could see an ogre, a jelly and an endoplasm.

Vanquished Creatures
  An ogre (D:4)
  A scorpion (D:4)
  A hound (D:4)
  An orc priest (D:3)
  Jessica (D:2)
  An iguana (D:4)
  Natasha (thrice) (D:3)
  2 orc wizards (D:4)
  2 gnolls (D:4)
  5 adders
  3 worms
  3 dart slugs
  9 orcs
  7 ball pythons
  6 endoplasms
  A giant cockroach (D:4)
  5 goblins
  7 hobgoblins
  3 jackals (D:3)
  A quokka (D:2)
  2 bats
  4 frilled lizards
  7 kobolds
  2 rats
78 creatures vanquished.

Vanquished Creatures (others)
  An iguana (D:4)
1 creature vanquished.

Grand Total: 79 creatures vanquished

Notes
Turn   | Place    | Note
-------+----------+-------------------------------------------
     0 | D:1      | GigaChad the Minotaur Fighter began the quest for the Orb.
     0 | D:1      | Reached XP level 1. HP: 19/19 MP: 0/0
   221 | D:1      | Reached XP level 2. HP: 23/27 MP: 1/1
   982 | D:1      | Found a faded altar of an unknown god.
  1221 | D:1      | Prayed at the altar of an unknown god.
  1221 | D:1      | Became a worshipper of Vehumet
  1221 | D:1      | Reached * piety under Vehumet
  1221 | D:1      | Offered knowledge of Foxfire by Vehumet.
  1303 | D:2      | Reached skill level 4 in Armour
  1581 | D:2      | Reached XP level 3. HP: 26/33 MP: 2/2
  2071 | D:2      | Found a sparkling altar of Nemelex Xobeh.
  2083 | D:2      | Noticed Jessica
  2104 | D:2      | HP: 1/33 [Jessica/+0 dagger (2)]
  2106 | D:2      | Killed Jessica
  2107 | D:2      | Reached XP level 4. HP: 1/40 MP: 3/3
  2711 | D:3      | Noticed Natasha
  2717 | D:3      | Killed Natasha
  3019 | D:3      | Noticed Natasha
  3024 | D:3      | Killed Natasha
  3025 | D:3      | Reached skill level 5 in Armour
  3062 | D:3      | Reached XP level 5. HP: 46/46 MP: 4/4
  3109 | D:3      | Noticed Natasha
  3114 | D:3      | Killed Natasha
  3520 | D:3      | Found a stormy altar of Qazlal.
  3627 | D:3      | Offered knowledge of Shock by Vehumet.
  3683 | D:3      | Reached ** piety under Vehumet
  4285 | D:4      | Reached skill level 5 in Shields
  4320 | D:4      | Noticed an ogre
  4330 | D:4      | Killed an ogre
  4331 | D:4      | Reached skill level 6 in Armour
  4331 | D:4      | Reached XP level 6. HP: 26/53 MP: 5/5
  4523 | D:4      | Found a staircase to the Ecumenical Temple.
  4621 | Temple   | Entered the Ecumenical Temple
  4898 | Temple   | Fell from the grace of Vehumet
  4898 | Temple   | Became a worshipper of Ashenzari the Shackled
  4983 | D:4      | Found a runed translucent gate.
  4983 | D:4      | Noticed Jingleheimer's ghost (amateur TrFi)
  4984 | D:4      | Found a runed translucent gate.
  4984 | D:4      | Identified the +10 mace "Suadic" {drain, +Blink rF+ rC-
                  | Stlth+}
  4984 | D:4      | Identified the +3 leather armour "Wilal" {rF+ Will+}
  4985 | D:4      | Noticed an orc warrior
  4985 | D:4      | Found a runed translucent gate.
  5182 | D:4      | Found an iron altar of Okawaru.
  5652 | D:4      | Reached skill level 5 in Axes
  5669 | D:4      | Reached XP level 7. HP: 44/60 MP: 6/6
  5671 | D:4      | Slain by an ogre

Illustrated notes

Levels and vault maps discovered:
D:1:      nzn_arrival_crosshair, layout_basic,
          dreamdust_ecumenical_altar_hidden_monk_grotto,
          minmay_stone_trees_medium, lemuel_flame_loot_1
D:2:      layout_basic, basic_altar, kennysheep_generic_room_13, uniq_jessica
D:3:      layout_loops_ring, general_overflow_altar, serial_co_window_serial,
          co_window_paths_a, co_window_corner_a, co_window_of_opportunity_a,
          co_window_corner_a, co_window_corner_a, co_window_paths_c,
          co_window_broadway_b, co_window_unsneaky_path_a, co_window_sun,
          co_window_4corner_b, glass_columns_a, glass_columns_b,
          glass_columns_b, uniq_natasha
D:4:      layout_rooms, xom_confusion_cloud, okawaru_altar_gauntlet_db,
          minmay_temple_entry_overgrown, biasface_ghost_orc_armoury
Temple:   minmay_temple_curvy_branch

Skill      XL: |  1  2  3  4  5  6 |
---------------+-------------------+-----
Fighting       | 4 |  4.5
Armour         | 4 5 6 |  6.8
Shields        | 4 5 |  5.1
Axes           | 3 4 5 |  5.3
Dodging        | |  0.4

Action                   |  1- 3 |  4- 6 |  7- 9 || total
-------------------------+-------+-------+-------++-------
Melee: War axe           |    81 |   100 |     3 ||   184
       Headbutt          |     9 |    16 |       ||    25
  Use: Scroll            |       |     5 |       ||     5
Armor: Scale mail        |    17 |       |       ||    17
       Chain mail        |    34 |    69 |       ||   103
Dodge: Dodged            |    36 |    36 |       ||    72
Block: Buckler           |    32 |    24 |       ||    56
